 Dungeon Sprint DCSS version 0.21.0-24-g2553a33 (webtiles) character file.

1858 letownia2 the Grappler (level 8, -15/83 HPs)
             Began as a Troll Wizard on Jan 20, 2018.
             Was an Initiate of Gozag.
             Killed from afar by a crystal guardian (17 damage)
             ... with a crystal bolt
             ... in the Dungeon (Sprint II: "The Violet Keep of Menkaure").
             The game lasted 00:05:54 (535 turns).

letownia2 the Grappler (Troll Wizard)                Turns: 535, Time: 00:05:55

Health: -15/83     AC:  5    Str: 16    XL:     8   Next: 89%
Magic:  15/15      EV:  9    Int: 16    God:    Gozag
Gold:   554        SH:  0    Dex:  8    Spells: 9/18 levels left

rFire    . . .     SeeInvis .     - Unarmed
rCold    . . .     Gourm    +   (no shield)
rNeg     . . .     Faith    .   a - +0 robe
rPois    .         Spirit   .   b - +0 hat
rElec    .         Reflect  .   (no cloak)
rCorr    .         Harm     .   (gloves unavailable)
MR       .....     NoTele   +   (boots unavailable)
Stlth    +.........             (no amulet)
HPRegen  0.63/turn              (no ring)
MPRegen  0.14/turn              (no ring)

@: confused, gold aura, berserk cooldown, slowed, very slow
A: large, unfitting armour, claws 3, fast metabolism 3, gourmand, regeneration
1, shaggy fur 1, tough skin 2
a: Potion Petition, Call Merchant, Bribe Branch, Renounce Religion


You were in the Dungeon.
You worshipped Gozag.
Gozag was pleased with you.
You were not hungry.

You visited 1 branch You collected 675 gold pieces.
You spent 121 gold pieces at shops.

Inventory:

Armour
 a - a +0 robe (worn)
 b - a +0 hat (worn)
Scrolls
 j - a scroll of blinking
Potions
 g - a potion of haste
 h - 2 potions of magic
 l - a potion of flight {unknown}
 m - a potion of degeneration {unknown}
Books
 c - a book of Minor Magic

   Spells                             Type                      Level
   a - Magic Dart                     Conjuration                  1
   b - Blink                          Translocation                2
   c - Call Imp                       Summoning                    2
   d - Slow                           Hexes                        2
   e - Conjure Flame                  Conjuration/Fire             3
   f - Mephitic Cloud                 Conjuration/Poison/Air       3
Comestibles
 d - 2 rations


   Skills:
 - Level 6.2 Fighting
 - Level 1.5 Dodging
 - Level 1.0 Stealth
 + Level 12.5 Unarmed Combat
 + Level 5.8 Spellcasting
 - Level 4.0 Conjurations
   Level 0.6 Summonings
 - Level 3.1 Translocations
 - Level 3.1 Fire Magic
 - Level 2.9 Air Magic
 - Level 3.0 Poison Magic


You had 9 spell levels left.
You knew the following spells:

 Your Spells              Type           Power        Failure   Level  Hunger
a - Magic Dart            Conj           ###.         2%          1    None
b - Blink                 Tloc           N/A          6%          2    #......
c - Conjure Flame         Conj/Fire      ###.....     10%         3    ##.....
e - Mephitic Cloud        Conj/Pois/Air  ###.....     11%         3    ##.....


Dungeon Overview and Level Annotations

Branches:
Dungeon (1/1)

Altars:
Cheibriados
Dithmenos
Elyvilon
Fedhas
Gozag
Hepliaklqana
Kikubaaqudgha
Makhleb
Nemelex Xobeh
Okawaru
Qazlal
Ru
Sif Muna
Trog
Uskayaw
Vehumet
Wu Jian
Xom
Yredelemnul
Zin
The Shining One
Beogh
Jiyva
Lugonu

Shops:
D [}:=!=[*:!(%((?[

Annotations:
D exclusion: oklob plant


Innate Abilities, Weirdness & Mutations

You are too large for most types of armour.
You have claws for hands.
Your metabolism is lightning-fast.
You like to eat raw meat.
Your natural rate of healing is unusually fast.
You are covered in fur. (AC +1)
You have very tough skin. (AC +2)


Message History

You feel yourself slow down.
Unknown command.
Unknown command.
You scratch the crystal guardian.
The crystal guardian is severely damaged.
You are engulfed in noxious fumes.
You choke on the stench!
You are more confused.
* * * LOW HITPOINT WARNING * * *
The crystal guardian closely misses you.
Unknown command.
Unknown command.
Unknown command.
You're too confused to move!
You are engulfed in noxious fumes.
You choke on the stench!
You are more confused.
* * * LOW HITPOINT WARNING * * *
The crystal guardian fires a crystalline bolt at you.
The crystal bolt freezes you!
You die...
Your body crumbles into a pile of gold.

$ ###..## #..# $#▓!!)!())?▓▓
#+###.##..# +..# .#▓?$[?!?!)▓▓$
#.##...#..#$$#..# .#▓("!(?[??▓▓
.<.')#$+..####^$##.#▓?((??$$!▓▓
#.##...#..§.###$$.##▓▓▓▓▓▓▓+▓▓▓▓+
#'###.##..§§..≈§§≈≈≈≈≈≈≈≈≈≈...Xw≈
.#.####≈≈§§§..≈#k########+###.≈w≈
.#..#≈≈≈≈§§§§.≈#8§§_._..#t§§## ≈
#.###≈≈≈≈§§≈§§≈#@§§._._.#t§§≈##
#'##≈≈≈≈≈≈§≈≈≈≈#§§._._._#§§§≈§# $
≈≈≈≈≈≈§≈≈§≈≈≈≈≈#_._._._.#§§§§§§ $
+#+++#§≈§≈§§≈§≈#._._._..#§§§≈§≈ $
§≈§≈ ##≈§§###§≈#_._._...#§§§§§t $
§≈≈§§§ #≈≈#._._....#≈§§§§≈ $
§8§≈≈§§+ #§≈#_._.....#≈≈≈≈▓
≈§≈≈§§## ≈≈≈§§##########≈§§§▓z
≈≈§§§## ######≈t≈≈≈≈≈≈≈≈§§§▓z


You could see a crystal guardian and a swamp drake.

Vanquished Creatures
  A death drake (D)
  A merfolk siren (D)
  A yaktaur (D)
  A hornet (D)
  3 polar bears (D)
  A swamp drake (D)
  A crocodile (D)
  4 worker ants (D)
13 creatures vanquished.

Vanquished Creatures (others)
  Menkaure (D)
  A crocodile (D)
  4 tentacles (D)
6 creatures vanquished.

Grand Total: 19 creatures vanquished

Notes
Turn   | Place    | Note
-------+----------+-------------------------------------------
     0 | D        | letownia2 the Troll Wizard began the quest for the Orb.
     0 | D        | Reached XP level 1. HP: 16/16 MP: 2/2
     1 | D        | Noticed a merfolk siren
     7 | D        | Killed Menkaure
    29 | D        | Killed a crocodile
    37 | D        | Killed a merfolk siren
    37 | D        | Reached skill level 10 in Unarmed Combat
    37 | D        | Reached XP level 2. HP: 36/36 MP: 4/4
    37 | D        | Reached XP level 3. HP: 44/44 MP: 5/5
    37 | D        | Reached XP level 4. HP: 52/52 MP: 6/6
    37 | D        | Reached XP level 5. HP: 59/59 MP: 7/7
    37 | D        | Reached XP level 6. HP: 67/67 MP: 8/8
    45 | D        | Learned a level 3 spell: Mephitic Cloud
    48 | D        | Learned a level 2 spell: Blink
    52 | D        | Learned a level 3 spell: Conjure Flame
    57 | D        | Reached skill level 1 in Conjurations
    57 | D        | Reached skill level 1 in Translocations
    64 | D        | Reached skill level 1 in Fire Magic
    65 | D        | Reached skill level 1 in Air Magic
    65 | D        | Reached skill level 1 in Poison Magic
    78 | D        | Noticed an orange crystal statue
    82 | D        | Found Lumpakeu's Armour Emporium.
    83 | D        | Found Kahuc's Weapon Shoppe.
    84 | D        | Found Ihehicag's Food Emporium.
    85 | D        | Found Gilai's Distillery.
    86 | D        | Found Rov Mei's Book Shoppe.
    86 | D        | Found Pimiluev's Antique Weapon Shoppe.
    86 | D        | Found Doadghed's Assorted Antiques.
    87 | D        | Found Xoiwk's Antique Armour Shoppe.
    87 | D        | Found Uxzeucw's Antique Weapon Emporium.
    87 | D        | Found Kiuqikk's Jewellery Emporium.
    88 | D        | Found Bizeck's Magic Scroll Shoppe.
    90 | D        | Found Xiaseuj's Distillery.
    90 | D        | Found Symi's Jewellery Emporium.
    90 | D        | Noticed a yak
    90 | D        | Noticed a yak
    90 | D        | Noticed a yak
    90 | D        | Noticed an oklob plant
    91 | D        | Found Tuhymmen's Gadget Shoppe.
    91 | D        | Found Fieq's Antique Armour Emporium.
    91 | D        | Found Heykhoxt's Book Shoppe.
   114 | D        | Bought a potion of lignification for 33 gold pieces
   115 | D        | Bought a brown potion for 23 gold pieces
   115 | D        | Bought a dark potion for 23 gold pieces
   116 | D        | Noticed a spiny frog
   118 | D        | Noticed a spiny frog
   119 | D        | Bought a potion of lignification for 42 gold pieces
   134 | D        | Noticed a flying skull
   135 | D        | Noticed a flying skull
   138 | D        | Noticed a flying skull
   138 | D        | Noticed a flying skull
   138 | D        | Noticed a flying skull
   138 | D        | Noticed a flying skull
   138 | D        | Noticed a flying skull
   139 | D        | Noticed a flying skull
   139 | D        | Noticed a flying skull
   139 | D        | Noticed a flying skull
   139 | D        | Noticed a flying skull
   140 | D        | Noticed a flying skull
   148 | D        | Found a glowing silver altar of Zin.
   150 | D        | Found a glowing golden altar of the Shining One.
   150 | D        | Found a basalt altar of Yredelemnul.
   150 | D        | Found a hide-covered altar of Uskayaw.
   150 | D        | Found a radiant altar of Vehumet.
   151 | D        | Found a shimmering altar of Xom.
   151 | D        | Found a bloodstained altar of Trog.
   151 | D        | Found a burning altar of Makhleb.
   152 | D        | Found an ornate altar of the Wu Jian Council.
   152 | D        | Found a deep blue altar of Sif Muna.
   152 | D        | Found a corrupted altar of Lugonu.
   153 | D        | Found a sacrificial altar of Ru.
   153 | D        | Found an ancient bone altar of Kikubaaqudgha.
   153 | D        | Found a white marble altar of Elyvilon.
   154 | D        | Found a stormy altar of Qazlal.
   154 | D        | Found a viscous altar of Jiyva.
   154 | D        | Found a shadowy altar of Dithmenos.
   155 | D        | Found a hazy altar of Hepliaklqana.
   155 | D        | Found a snail-covered altar of Cheibriados.
   157 | D        | Found a roughly hewn altar of Beogh.
   157 | D        | Found a sparkling altar of Nemelex Xobeh.
   157 | D        | Found a blossoming altar of Fedhas.
   158 | D        | Found an opulent altar of Gozag.
   158 | D        | Found an iron altar of Okawaru.
   166 | D        | Became a worshipper of Gozag Ym Sagoz the Greedy
   182 | D        | Noticed a kraken
   191 | D        | Noticed a yaktaur
   191 | D        | Noticed a hornet
   191 | D        | Noticed a polar bear
   192 | D        | Noticed a polar bear
   202 | D        | Killed a polar bear
   202 | D        | Reached XP level 7. HP: 38/75 MP: 5/10
   203 | D        | Killed a polar bear
   231 | D        | Killed a yaktaur
   231 | D        | Reached XP level 8. HP: 18/83 MP: 2/12
   234 | D        | Killed a hornet
   234 | D        | Reached skill level 11 in Unarmed Combat
   260 | D        | Noticed a death drake
   262 | D        | Noticed a death drake
   262 | D        | Noticed a crystal guardian
   265 | D        | Noticed a polar bear
   273 | D        | Noticed a flying skull
   273 | D        | Noticed a flying skull
   372 | D        | Killed a polar bear
   389 | D        | Killed a death drake
   389 | D        | Reached skill level 12 in Unarmed Combat
   389 | D        | Reached skill level 5 in Spellcasting
   531 | D        | HP: 5/124 [crystal guardian (30)]
   535 | D        | HP: 1/83 [swamp drake] (2)]
   535 | D        | Killed from afar by a crystal guardian

Skill      XL: |  1  2  3  4  5  6  7  8 |
---------------+-------------------------+-----
Fighting       | 6 |  6.2
Unarmed Combat | 10 12 | 12.5
Conjurations   | 2 3 4 |  4.0
Translocations | 2 3 |  3.1
Fire Magic     | 2 3 |  3.1
Air Magic      | 2 |  2.9
Poison Magic   | 2 3 |  3.0
Spellcasting   | 3 5 |  5.8
Dodging        | |  1.5
Stealth        | |  1.0
Summonings     | |  0.6

Action                   |  1- 3 |  4- 6 |  7- 9 || total
-------------------------+-------+-------+-------++-------
Melee: Unarmed           |    35 |    20 |    31 ||    86
       Punch             |       |       |     4 ||     4
 Cast: Conjure Flame     |       |     1 |     4 ||     5
       Mephitic Cloud    |       |     1 |       ||     1
       Blink             |       |       |     1 ||     1
Invok: Potion Petition   |       |       |     1 ||     1
  Use: Potion            |       |     1 |     4 ||     5
 Stab: Distracted        |       |       |     1 ||     1
  Eat: Chunk             |       |     5 |       ||     5
Armor: Skin              |       |    21 |     9 ||    30
       Robe              |       |     2 |     6 ||     8
Dodge: Dodged            |     3 |     6 |     7 ||    16
